 Dungeon Crawl Stone Soup version 0.26.1-2-gb8aa6d0cf2 (webtiles) character file.

Game seed: 11579913697265341086

904 raph the Chiller (level 7, 0/50 HPs)
             Began as a Black Draconian Ice Elementalist on Mar 6, 2021.
             Was a Believer of Kikubaaqudgha.
             Slain by an ice beast (9 damage)
             ... on level 5 of the Dungeon.
             The game lasted 00:15:52 (6630 turns).

raph the Chiller (Black Draconian Ice Elementalist) Turns: 6630, Time: 00:15:53

Health: 0/50       AC: 13    Str: 11    XL:     7   Next: 80%
Magic:  3/10       EV: 14    Int: 17    God:    Kikubaaqudgha [**....]
Gold:   273        SH:  0    Dex: 17    Spells: 0/11 levels left

rFire    . . .     SeeInvis .   q - +2 dagger (venom)
rCold    . . .     Faith    .   (no shield)
rNeg     . . .     Spirit   .   (armour unavailable)
rPois    .         Reflect  .   (helmet restricted)
rElec    +         Harm     .   (no cloak)
rCorr    .         Rampage  .   (no gloves)
Will     +....                  (no boots)
Stlth    +++.......             (no amulet)
HPRegen  0.16/turn              f - +6 ring of dexterity
MPRegen  0.12/turn              r - ring of willpower

@: icy armour
A: breathe lightning, unfitting armour, electricity resistance, cold-blooded, AC
+6
a: Breathe Lightning, Renounce Religion, Receive Corpses


You were on level 5 of the Dungeon.
You worshipped Kikubaaqudgha.
Kikubaaqudgha was pleased with you.
You visited 1 branch of the dungeon, and saw 5 of its levels.

You collected 273 gold pieces.

Inventory:

Hand Weapons
 a - a +0 short sword
 q - a +2 dagger of venom (weapon)
Jewellery
 f - a +6 ring of dexterity (left hand)
 g - an uncursed ring of fire
 r - a ring of willpower (right hand)
Wands
 o - a wand of disintegration (17)
Scrolls
 b - a scroll of teleportation
 c - a scroll of enchant armour
 d - a scroll of remove curse
 e - 3 scrolls of magic mapping
 k - a scroll of identify
Potions
 h - 2 potions of curing
 i - 2 potions of invisibility {unknown}
 n - 2 potions of brilliance
 p - a potion of attraction


   Skills:
 + Level 3.8 Dodging
 + Level 4.1 Stealth
 - Level 2.6 Spellcasting
 + Level 3.0 Necromancy
 + Level 7.2 Ice Magic


You couldn't memorise any spells.
You knew the following spells:

 Your Spells              Type           Power        Failure   Level
a - Freeze                Ice            100%         1%          1
b - Frozen Ramparts       Ice            52%          2%          3
c - Ozocubu's Armour      Ice            26%          2%          3
d - Animate Skeleton      Necr           24%          5%          1
e - Vampiric Draining     Necr           6%           16%         3

Your spell library contained the following spells:

 Spells                   Type           Power        Failure   Level
 Pain                     Necr           48%          5%          1
 Sublimation of Blood     Necr           6%           9%          2
 Hailstorm                Conj/Ice       14%          38%         4
 Summon Ice Beast         Ice/Summ       14%          38%         4


Dungeon Overview and Level Annotations

Branches:
Dungeon (5/15)
 Temple: D:4-7

Altars:
Fedhas
Kikubaaqudgha
Okawaru
The Shining One


Innate Abilities, Weirdness & Mutations

You can breathe wild blasts of lightning.
Your glossy black scales are hard. (AC +6)
You cannot fit into any form of body armour.
You are resistant to electric shocks. (rElec)
You are cold-blooded and may be slowed by cold attacks.


Message History

Your adder skeleton bites the ice beast but does no damage.
The ice beast hits you. The ice beast freezes you!
You feel yourself slow down.
Your jackal skeleton closely misses the ice beast.
You closely miss the ice beast.
The ice beast is severely wounded.
Your adder skeleton bites the ice beast.
Your jackal skeleton closely misses the ice beast.
The ice beast hits you. The ice beast freezes you.
* * * LOW HITPOINT WARNING * * *
Your adder skeleton closely misses the ice beast.
Your jackal skeleton bites the ice beast.
Okay, then.
You closely miss the ice beast.
The ice beast is severely wounded.
You feel yourself speed up. The ice beast hits you.
* * * LOW HITPOINT WARNING * * *
The ice beast freezes you!
You die...
Kikubaaqudgha rasps: "You have failed me!
Welcome... death!"

....................
..###'####...##.##.#
#####..###...##+##
.................#
.................#
.................#
.................#
..............Z..#
.####+####....ZY@#
## #.....###
.##.....# ........+
. ........#
........# ........#
........# ........#


You could see an ice beast, a friendly adder skeleton and a friendly jackal
skeleton.

Vanquished Creatures
  Sigmund (D:4)
  An ogre (D:4)
  A centaur (D:5)
  A scorpion (D:4)
  A howler monkey (D:5)
  2 orc priests (D:4)
  A bullfrog zombie (D:5)
  2 hounds
  A bullfrog skeleton (D:4)
  Robin (D:4)
  3 hound skeletons (D:4)
  7 adders
  7 gnolls (D:4)
  An ooze (D:3)
  A worm (D:2)
  2 dart slugs
  6 leopard geckos
  12 orcs
  4 giant cockroaches
  14 goblins
  10 hobgoblins
  7 jackals
  5 quokkas
  5 ball pythons
  8 bats
  5 frilled lizards
  11 kobolds
  A quokka skeleton (D:4)
  6 rats
127 creatures vanquished.

Vanquished Creatures (collateral kills)
  A jackal (D:5)
1 creature vanquished.

Vanquished Creatures (others)
  3 withered plants (D:2)
3 creatures vanquished.

Grand Total: 131 creatures vanquished

Notes
Turn   | Place    | Note
-------+----------+-------------------------------------------
     0 | D:1      | raph the Draconian Ice Elementalist began the quest for the
                  | Orb.
     0 | D:1      | Reached XP level 1. HP: 14/14 MP: 3/3
   261 | D:1      | Reached XP level 2. HP: 7/20 MP: 1/5
  1317 | D:1      | Reached XP level 3. HP: 26/26 MP: 6/6
  1321 | D:1      | Learned a level 3 spell: Frozen Ramparts
  2540 | D:2      | Found an ancient bone altar of Kikubaaqudgha.
  2550 | D:2      | Became a worshipper of Kikubaaqudgha
  2785 | D:2      | Found an iron altar of Okawaru.
  2839 | D:2      | Found a blossoming altar of Fedhas.
  2912 | D:2      | Reached XP level 4. HP: 33/33 MP: 3/7
  3263 | D:3      | Learned a level 3 spell: Ozocubu's Armour
  3319 | D:3      | Reached skill level 5 in Ice Magic
  3698 | D:3      | Reached * piety under Kikubaaqudgha
  3698 | D:3      | Identified Kikubaaqudgha's Almanac of Darkness
                  | (Kikubaaqudgha gifted it to you on level 3 of the Dungeon)
  3698 | D:3      | Received a gift from Kikubaaqudgha
  3939 | D:3      | Learned a level 1 spell: Animate Skeleton
  4116 | D:4      | Reached XP level 5. HP: 12/38 MP: 3/8
  4495 | D:4      | Reached skill level 6 in Ice Magic
  4980 | D:4      | Found a glowing golden altar of the Shining One.
  4988 | D:4      | Noticed Robin
  5092 | D:4      | Killed Robin
  5129 | D:4      | Reached XP level 6. HP: 45/45 MP: 9/9
  5582 | D:4      | Noticed Sigmund
  5584 | D:4      | Reached ** piety under Kikubaaqudgha
  5592 | D:4      | Reached skill level 1 in Necromancy
  5598 | D:4      | Killed Sigmund
  5599 | D:4      | Your scales start taking on a glossy black colour.
  5599 | D:4      | Reached XP level 7. HP: 34/50 MP: 1/10
  5599 | D:4      | Gained mutation: You are resistant to electric shocks.
                  | (rElec) [Black Draconian growth]
  5994 | D:4      | Reached skill level 7 in Ice Magic
  6348 | D:5      | Entered Level 5 of the Dungeon
  6474 | D:5      | Learned a level 3 spell: Vampiric Draining
  6630 | D:5      | Slain by an ice beast

Illustrated notes

Levels and vault maps discovered:
D:1:      dpeg_arrival_tiny_i, layout_loops_corners, serial_glass,
          glass_columns_c, glass_columns_a, chequers_arboretum,
          minmay_tromino_v4_c
D:2:      layout_basic, nicolae_overflow_crystal_walls, fedhas_altar_4,
          kiku_gazebo_garden_becter, minivault_25, grunt_ministairs_7
D:3:      layout_rooms
D:4:      layout_gridville, tso_metal_star, uniq_robin, uniq_sigmund
D:5:      layout_gridville, bloody_makhleb, kennysheep_generic_room_14

Skill      XL: |  1  2  3  4  5  6  7 |
---------------+----------------------+-----
Stealth        | 2 3 4 |  4.1
Dodging        | 2 3 |  3.8
Ice Magic      | 5 6 7 |  7.2
Necromancy     | 1 3 |  3.0
Spellcasting   | |  2.6

Action                   |  1- 3 |  4- 6 |  7- 9 || total
-------------------------+-------+-------+-------++-------
Melee: Unarmed           |    17 |       |       ||    17
       Tailslap          |     7 |    15 |     7 ||    29
       Short sword       |    73 |    70 |       ||   143
       Dagger            |       |    29 |    61 ||    90
 Cast: Freeze            |    46 |    18 |     1 ||    65
       Frozen Ramparts   |     1 |    13 |     7 ||    21
       Animate Skeleton  |       |     3 |     5 ||     8
       Ozocubu's Armour  |       |     2 |     1 ||     3
  Use: Potion            |       |     2 |     1 ||     3
       Scroll            |       |     7 |     6 ||    13
 Stab: Sleeping          |     5 |     4 |     2 ||    11
Armor: Skin              |    57 |    36 |    14 ||   107
Dodge: Dodged            |    80 |    86 |    48 ||   214
